 Dungeon Crawl Stone Soup version 0.29-a0-283-ga02f740833 (webtiles) character file.

Game seed: 141962196129142792

167 chopper the Shooter (level 5, -3/45 HPs)
             Began as a Minotaur Hunter on Mar 13, 2022.
             Killed from afar by Sigmund (11 damage)
             ... with a puff of flame
             ... on level 3 of the Dungeon.
             The game lasted 00:19:38 (2111 turns).

chopper the Shooter (Minotaur Hunter)               Turns: 2111, Time: 00:19:39

Health: -3/45      AC:  6    Str: 15    XL:     5   Next: 23%
Magic:  4/4        EV: 10    Int:  6    God:
Gold:   61         SH:  0    Dex: 16    Spells: 4/4 levels left

rFire   . . .      SeeInvis +   f - +0 short sword
rCold   . . .      Faith    .   (no shield)
rNeg    . . .      Spirit   .   n - +0 scale mail
rPois   .          Reflect  .   (helmet restricted)
rElec   .          Harm     .   (no cloak)
rCorr   .          Rampage  .   (no gloves)
Will    .....                   (no boots)
Stlth   +.........              (no amulet)
HPRegen 0.15/turn               h - +4 ring of slaying
MPRegen 0.09/turn               d - ring of see invisible

@: no status effects
A: horns 2, retaliatory headbutt
a: no special abilities


You were on level 3 of the Dungeon.
You visited 1 branch of the dungeon, and saw 3 of its levels.

You collected 61 gold pieces.

Inventory:

Hand Weapons
 a - a +1 shortbow
 f - a +0 short sword (weapon)
 j - a +0 hunting sling
Missiles
 e - 27 stones (quivered)
Armour
 b - a +0 leather armour
 n - a +0 scale mail (worn)
Jewellery
 d - a ring of see invisible (right hand)
 h - a +4 ring of slaying (left hand)
 k - a ring of fire
Scrolls
 c - 2 scrolls of immolation
 i - a scroll of fear {unknown}
 l - a scroll of teleportation {unknown}
 m - a scroll of identify


   Skills:
 + Level 3.3 Fighting
 + Level 2.1 Short Blades
 + Level 5.4 Bows
 + Level 2.1 Armour
 + Level 2.8 Dodging
 + Level 1.4 Stealth


You had 4 spell levels left.
You didn't know any spells.
Your spell library contained the following spells:

 Spells                   Type           Power      Damage    Failure   Level
 Pain                     Necr           0%         1d4       89%         1
 Slow                     Hex            0%         N/A       89%         1
 Confusing Touch          Hex            0%         N/A       99%         3
 Vampiric Draining        Necr           0%         2d6       99%         3
 Agony                    Necr           0%         N/A       100%        5
 Excruciating Wounds      Necr           0%         N/A       100%        5


Dungeon Overview and Level Annotations

Branches:
Dungeon (3/15)

Altars:
Kikubaaqudgha

Shops:
D:2 (

Annotations:
D:3 Sigmund


Innate Abilities, Weirdness & Mutations

You have a pair of horns on your head.
You reflexively headbutt those who attack you in melee.


Message History

Sigmund misses you.
You start removing your armour.
You continue taking off your +0 leather armour.
Sigmund hits you from afar with a +1 scythe of protection.
Keep disrobing?
You continue taking off your +0 leather armour. x2
Sigmund points at you and mumbles some strange words.
You resist with some effort.
You continue taking off your +0 leather armour.
Sigmund barely misses you.
You finish taking off your +0 leather armour.
Sigmund hits you from afar with a +1 scythe of protection.
Keep equipping yourself?
You start putting on your armour.
You continue putting on your +0 scale mail. x2
Sigmund gestures wildly while chanting.
Sigmund flickers and vanishes for a moment.
You continue putting on your +0 scale mail.
Sigmund hits you from afar with a +1 scythe of protection!
* * * LOW HITPOINT WARNING * * *
You continue putting on your +0 scale mail.
Sigmund hits you from afar with a +1 scythe of protection.
* * * LOW HITPOINT WARNING * * *
You finish putting on your +0 scale mail.
Blink to where?
Press: ? - help, Dir - move target, f - Sigmund
Aim: Sigmund, wielding a +1 scythe of protection and wearing a +0 robe (slightly transparent)
You can't blink onto Sigmund!
Blink to where?
Press: ? - help, Dir - move target, p - Sigmund
Found a robe.
As you read the scroll labelled VACEDY KOFE, it crumbles to dust.
It was a scroll of blinking.
There is a fountain of clear blue water here.
You open the door.
An orc wizard comes into view. It is wielding a +0 dagger.
Found an ancient bone altar of Kikubaaqudgha.
Sigmund casts a spell at you. The puff of flame hits you!
You die...

#......... #######
#.......!...
#.....###...........
###.###...@...........
##..@..##.###..........
##..⌠.§..### #..........
##....⌠....## #....>.....
#....⌠.⌠....###.<........
#.......@...##.....<.....
##+###o###+##............
#... #..)......(.. #._.#
#..§)........
##########)).........
#.....@...........
####..#†..........
#..............
#..#.#.......##


You could see Sigmund (invisible) and an orc wizard.

Vanquished Creatures
  Natasha (thrice) (D:2)
  2 adders (D:2)
  4 dart slugs
  5 orcs (D:3)
  4 ball pythons
  8 bats
  5 endoplasms (D:1)
  2 giant cockroaches (D:1)
  3 goblins
  3 hobgoblins
  3 jackals (D:1)
  4 quokkas
  2 frilled lizards
  5 kobolds
  5 rats
58 creatures vanquished.

Notes
Turn   | Place    | Note
-------+----------+-------------------------------------------
     0 | D:1      | chopper the Minotaur Hunter began the quest for the Orb.
     0 | D:1      | Reached XP level 1. HP: 18/18 MP: 0/0
   167 | D:1      | Reached XP level 2. HP: 11/25 MP: 1/1
   221 | D:1      | Reached skill level 5 in Bows
   227 | D:1      | Found a faded altar of an unknown god.
   729 | D:1      | Reached XP level 3. HP: 17/30 MP: 2/2
  1178 | D:2      | Reached skill level 1 in Stealth
  1183 | D:2      | Reached skill level 1 in Short Blades
  1183 | D:2      | Reached skill level 1 in Armour
  1230 | D:2      | Noticed Natasha
  1248 | D:2      | Killed Natasha
  1249 | D:2      | Reached XP level 4. HP: 19/37 MP: 3/3
  1260 | D:2      | Found Vaodiov's Antique Weapon Shop.
  1468 | D:2      | Noticed Natasha
  1474 | D:2      | Killed Natasha
  1545 | D:2      | Noticed Natasha
  1555 | D:2      | Killed Natasha
  1556 | D:2      | Reached XP level 5. HP: 28/45 MP: 4/4
  2073 | D:3      | Noticed Sigmund
  2109 | D:3      | Found an ancient bone altar of Kikubaaqudgha.
  2111 | D:3      | Killed from afar by Sigmund

Illustrated notes

Levels and vault maps discovered:
D:1:      co_arrival_random_square_maze, layout_rooms,
          ebering_ecumenical_altar_sacrificial
D:2:      minmay_angry_zag, layout_loops_corners, serial_shops, shop,
          uniq_natasha
D:3:      layout_rooms, palyth_temple_overflow_mages,
          mainiacjoe_overflow_alcove_2, minivault_24, uniq_sigmund,
          uniq_grinder, uniq_pargi

Skill      XL: |  1  2  3  4 |
---------------+-------------+-----
Bows           | 5 |  5.4
Stealth        | 1 |  1.4
Short Blades   | 1 2 |  2.1
Armour         | 1 2 |  2.1
Fighting       | 3 |  3.3
Dodging        | |  2.8

Action                   |  1- 3 |  4- 6 || total
-------------------------+-------+-------++-------
Melee: Short sword       |    58 |    40 ||    98
       Headbutt          |     7 |    10 ||    17
 Fire: Shortbow          |     9 |       ||     9
  Use: Scroll            |     3 |     1 ||     4
       Potion            |     2 |     1 ||     3
 Stab: Sleeping          |     2 |     2 ||     4
       Distracted        |     1 |       ||     1
Armor: Leather armour    |    22 |     9 ||    31
Dodge: Dodged            |    52 |    29 ||    81

Table legend: (Time is in decaauts)
 A = Elapsed time spent in this place.
 B = Non-inter-level travel time spent in this place.
 C = Inter-level travel time spent in this place.
 D = Time resting spent in this place.
 E = Time spent auto-exploring this place.
 F = Levels seen in this place.
 G = Mean time per level.
                   A        B        C        D        E       F      G
               +--------+--------+--------+--------+--------+-----+--------+
         Total |   2104 |   2104 |      0 |     21 |      0 |   3 |  701.3 |
       Dungeon |   2104 |   2104 |      0 |     21 |      0 |   3 |  701.3 |
               +--------+--------+--------+--------+--------+-----+--------+

Top non-repeatable levels by time:
     D:2: 1080 daAuts
     D:1: 959 daAuts
     D:3: 64 daAuts
